Map: Blueshift LE

Players

PtitDrogo

  • Race: Protoss Protoss
  • League: Master
  • Spawn Location: 7:00

Lambo - Winner!

  • Race: Zerg Zerg
  • League: Master
  • Spawn Location: 1:00

Event: HomeStory Cup XVIII

VOD

Have the link to the VOD?

Description

Time

  • Played on: Nov. 23, 2018, 5:29 p.m.
  • Length: 7:08

All games in this series

Show
View Real Time Build Order
Export as new Build Order

PtitDrogo Protoss 

Build Orders: 1 Gate Expand, Oracle Opening, Phoenix Opening, Zealot Archon 

Get SALT Encoding   

  12  0:00  Probe  
  13  0:12  Probe  
  14  0:20  Pylon  
  14  0:25  Probe  
  15  0:34  Probe  
  15  0:42  Probe  
  16  0:44  Gateway  
  16  0:47  Assimilator  
  17  0:52  Probe  
  18  1:04  Probe  
  19  1:16  Probe  
  20  1:23  Nexus  
  20  1:33  Cybernetics Core  
  20  1:36  Probe  
  21  1:41  Assimilator  
  21  1:48  Probe  
  21  1:51  Pylon  
  22  2:01  Adept, Probe  
  23  2:13  Probe  
  26  2:15  Stargate  
  26  2:25  Probe, Warp Gate  
  26  2:28  Adept  
  29  2:32  Probe  
  29  2:33  Probe  
  30  2:40  Probe  
  30  2:41  Probe  
  31  2:50  Probe  
  33  2:51  Probe  
  33  2:57  Phoenix  
  35  3:02  Probe  
  35  3:03  Probe  
  35  3:05  Pylon  
  39  3:14  Probe  
  39  3:15  Oracle, Probe  
  41  3:23  Assimilator  
  41  3:25  Assimilator  
  41  3:26  Probe  
  45  3:28  Probe  
  46  3:34  Gateway  
  46  3:37  Gateway  
  46  3:42  Probe x2  
  48  3:54  Probe  
  48  3:55  Pylon, Probe  
  52  4:06  Probe, Robotics Facility  
  52  4:07  Probe  
  52  4:08  Twilight Council  
  52  4:19  Probe  
  52  4:21  Gateway  
  53  4:27  Probe  
  53  4:31  Nexus  
  54  4:35  Zealot  
  56  4:41  Pylon  
  56  4:42  Pylon  
  56  4:43  Probe  
  57  4:47  Observer  
  57  4:51  Adept  
  59  4:53  Probe  
  59  4:55  Probe  
  62  5:04  Forge  
  62  5:05  Probe  
  63  5:07  Probe  
  63  5:08  Forge  
  63  5:11  Templar Archives  
  64  5:17  Probe  
  63  5:28  Zealot x2, Probe  
  64  5:29  Sentry x2  
  64  5:33  Probe, Immortal  
  71  5:39  Probe  
  71  5:41  Probe  
  71  5:42  Probe  
  76  5:47  Probe  
  76  5:49  Probe  
  78  5:50  Probe  
  78  5:55  Probe  
  81  5:58  Probe  
  81  5:59  Probe  
  81  6:03  High Templar  
  81  6:04  Shield Battery, High Templar  
  88  6:06  Shield Battery  
  88  6:08  Immortal  
  88  6:09  Archon  
  88  6:10  Shield Battery  
  89  6:16  Photon Cannon  
  92  6:21  Pylon  
  92  6:23  Gateway  
  92  6:26  Gateway  
  92  6:27  Pylon  
  92  6:36  High Templar  
  92  6:39  High Templar  
  92  6:40  Zealot x2  
  92  6:43  Archon  
  92  6:46  Probe  
  70  6:58  Gateway  
  70  7:01  Gateway, Zealot x2  
Show
View Real Time Build Order
Export as new Build Order

Lambo Zerg - Winner!

Build Orders: Hatch First 

Get SALT Encoding   

  12  0:00  Drone  
  13  0:13  Overlord  
  13  0:17  Drone  
  14  0:31  Drone x2  
  16  0:48  Hatchery  
  15  0:51  Drone  
  15  0:55  Drone  
  17  0:58  Drone  
  18  1:09  Extractor  
  17  1:14  Spawning Pool  
  17  1:16  Drone  
  17  1:20  Drone  
  18  1:28  Drone  
  19  1:40  Drone  
  20  1:50  Drone  
  22  2:01  Queen x2, Zergling x2  
  22  2:04  Overlord  
  26  2:11  Metabolic Boost  
  26  2:12  Drone x2  
  28  2:25  Drone x2  
  30  2:34  Hatchery  
  30  2:36  Drone  
  30  2:40  Zergling x2  
  30  2:43  Drone  
  32  2:49  Overlord  
  32  2:55  Spore Crawler  
  32  2:58  Queen  
  32  3:02  Drone x2  
  36  3:09  Drone x3  
  36  3:10  Drone x2  
  41  3:13  Overlord  
  41  3:20  Drone x2  
  41  3:24  Overlord  
  43  3:29  Drone  
  44  3:34  Queen  
  44  3:35  Drone x2  
  44  3:40  Drone  
  49  3:42  Drone x3  
  49  3:45  Overlord  
  52  3:52  Spore Crawler  
  52  3:54  Overlord  
  51  3:56  Zergling x4, Spore Crawler  
  51  4:00  Overlord  
  52  4:06  Drone x2  
  53  4:15  Drone x7  
  60  4:18  Overlord  
  60  4:25  Drone x2  
  60  4:28  Lair  
  60  4:30  Roach Warren  
  60  4:33  Extractor, Zergling x4  
  60  4:34  Extractor  
  60  4:35  Zergling x2  
  61  4:40  Zergling x4  
  61  4:43  Queen  
  65  4:46  Overlord  
  65  4:49  Drone x3  
  65  4:51  Overlord  
  68  4:54  Drone x2  
  68  4:56  Overlord, Drone  
  68  4:59  Drone x2  
  73  5:05  Extractor  
  72  5:07  Overlord  
  72  5:19  Roach x8  
  72  5:20  Roach  
  88  5:25  Roach x2  
  88  5:27  Glial Reconstitution  
  88  5:31  Roach x2  
  91  5:37  Roach  
  91  5:38  Roach x3  
  91  5:41  Overlord  
  99  5:44  Roach  
  99  5:46  Overlord  
  101  5:51  Overlord  
  101  5:55  Roach  
  102  5:59  Zergling x16  
  102  6:02  Ravager x3  
  113  6:05  Zergling x4  
  113  6:07  Zergling x4  
  113  6:11  Ravager  
  118  6:13  Zergling x2  
  118  6:14  Ravager  
  118  6:16  Zergling x2  
  122  6:18  Zergling x2  
  122  6:22  Zergling x2  
  123  6:26  Ravager  
  123  6:27  Zergling x6  
  123  6:30  Zergling x12  
  131  6:34  Zergling x4  
  131  6:38  Zergling x2  
  128  6:41  Zergling x4  
  128  6:49  Zergling x2  
Tags
 
Add a new tag
Caveats
  • Supply blocks, unpowered buildings, or Contaminate may cause inaccurate times.
  • Supply counts are checked every 10 seconds.